 Dungeon Crawl Stone Soup version 0.23-a0-558-g30802b1d75 (webtiles) character file.

7889 Manul the Fighter (level 11, -1/89 HPs)
             Began as a Mummy Fighter on Dec 12, 2018.
             Was an Initiate of Gozag.
             Slain by a small abomination (10 damage)
             ... on level 1 of the Abyss.
             The game lasted 00:16:50 (10306 turns).

Manul the Fighter (Mummy Fighter)                  Turns: 10306, Time: 00:16:51

Health: -1/89      AC: 17    Str: 19      XL:     11   Next: 2%
Magic:  11/11      EV:  9    Int:  8      God:    Gozag
Gold:   443        SH:  0    Dex: 10 (12) Spells: 10/10 levels left

rFire    . . .     SeeInvis .   r - +5 war axe (freeze)
rCold    + . .     Gourm    .   c - +0 shield
rNeg     + + +     Faith    .   i - +4 chain mail
rPois    ∞         Spirit   .   q - +1 hat of Feijutw Hovy {rPois Regen+ Str-3}
rElec    .         Reflect  .   (no cloak)
rCorr    .         Harm     .   p - +0 pair of gloves
MR       +....                  b - +0 pair of boots
Stlth    ..........             u - amulet of regeneration
HPRegen  1.04/turn              j - +2 ring of evasion
MPRegen  0.12/turn              k - ring of protection from fire

@: confused, gold aura
A: no food or potions, fire vulnerability, cold resistance 1, negative energy
resistance 3, torment resistance, unbreathing
a: Potion Petition, Call Merchant, Bribe Branch, Renounce Religion


You were on level 1 of the Abyss.
You worshipped Gozag.
Gozag was aware of your devotion.
You were not hungry.

You visited 2 branches of the dungeon, and saw 11 of its levels.
You visited the Abyss 1 time.

You collected 987 gold pieces.
You paid 544 gold pieces to Gozag.

Inventory:

Hand Weapons
 a - a +0 flail
 g - a +0 morningstar
 r - a +5 war axe of freezing (weapon)
Armour
 b - a +0 pair of boots (worn)
 c - a +0 shield (worn)
 h - a +0 plate armour
 i - a +4 chain mail (worn)
 p - a +0 pair of gloves (worn)
 q - the +1 hat of Feijutw Hovy (worn) {rPois Regen+ Str-3}
   (You acquired it on level 9 of the Dungeon)

   It affects your strength (-3).
   It protects you from poison.
   It increases your rate of regeneration.
Jewellery
 j - a +2 ring of evasion (left hand)
 k - a ring of protection from fire (right hand)
 u - an amulet of regeneration (around neck)
Wands
 l - a wand of flame (32)
 n - a wand of iceblast (8)
Scrolls
 d - 7 scrolls of identify
 e - 2 scrolls of teleportation
 f - 5 scrolls of magic mapping
 m - a scroll of fog
 o - 2 scrolls of remove curse
 v - a scroll of fear {unknown}


   Skills:
 * Level 9.4 Fighting
 - Level 4.8(6.2) Axes
 + Level 6.0(6.8) Maces & Flails
 + Level 6.5 Armour
 + Level 2.6 Dodging
 + Level 7.1 Shields
 + Level 0.5 Evocations


You had 10 spell levels left.
You didn't know any spells.
Your spell library contained the following spells:

 Spells                   Type           Power        Failure   Level  Hunger
 Freeze                   Ice            #...         100%        1    N/A
 Throw Frost              Conj/Ice       #.....       100%        2    N/A
 Ozocubu's Armour         Chrm/Ice       #.......     100%        3    N/A
 Summon Ice Beast         Ice/Summ       #.......     100%        4    N/A
 Throw Icicle             Conj/Ice       #.......     100%        4    N/A

Dungeon Overview and Level Annotations

Branches:
Dungeon (10/15)            Temple (1/1) D:6             Orc (0/2) D:9
   Lair: D:8-11

Altars:
Ashenzari
Cheibriados
Dithmenos
Elyvilon
Fedhas
Gozag
Hepliaklqana
Kikubaaqudgha
Makhleb
Nemelex Xobeh
Okawaru
Qazlal
Ru
Sif Muna
Trog
Uskayaw
Vehumet
Wu Jian
Xom
Yredelemnul
Zin
The Shining One

Shops:
D:6 ?   D:7 }   D:9 %}[

Annotations:
D:3 3 runed doors, hemabe's ghost, amateur HuAr
D:9 Psyche


Innate Abilities, Weirdness & Mutations

You do not eat or drink.
Your flesh is vulnerable to fire.
You are immune to poison.
Your flesh is cold resistant. (rC+)
You are immune to negative energy. (rN+++)
You are immune to unholy pain and torment.
You can survive without breathing.


Message History

The golden eye blinks at you. You resist with some effort.
The small abomination closely misses you.
The golden eye blinks!
The hellwing swoops through the air toward you!
The hellwing closely misses you.
The hellwing hits you but does no damage.
The golden eye blinks at you. You resist with some effort.
The golden eye blinks at you.
You are more confused.
The glowing orange brain pulsates.
Your shield and chain mail prevent you from hitting the small abomination.
You closely miss the golden eye. You miss the hellwing.
The thrashing horror is no longer distracted by gold.
The thrashing horror barely misses you.
The thrashing horror tramples you but does no damage.
The small abomination hits you!
You die...
Your body crumbles into a pile of gold.

##. # ... ... #
#.....##.# # ..
#....# ###.
#.##..######....
....#....X #
......
#........$.##....
##..##..*X##...#
.. #.##§G#..#.#
## ... #G.x@G.#
.#.. #.#X#4#.# .
. ##.##.# # #G ..
#. .## ... .# ##
#. .


You could see a wretched star, a glowing orange brain, a thrashing horror, a
large abomination, a hellwing, a small abomination and 3 golden eyes.

Vanquished Creatures
  A two-headed ogre (D:9)
  Pikel (D:9)
  A manticore (D:9)
  A worldbinder (Abyss:1)
  Joseph (D:8)
  A hippogriff (D:10)
  6 yaks (D:9)
  Grum (D:9)
  2 water moccasins
  2 ice beasts
  3 slaves (D:9)
  2 orc warriors (D:9)
  3 sky beasts
  A black bear (D:9)
  2 wolves
  2 necrophages (D:8)
  3 ogres
  A phantom (D:8)
  3 centaurs (D:9)
  A small abomination (Abyss:1)
  A gnoll sergeant (D:6)
  5 bullfrogs
  A scorpion (D:8)
  11 killer bees (D:9)
  5 wights (D:7)
  4 crimson imps
  2 centaur zombies
  2 jellies
  8 orc priests
  2 bullfrog skeletons
  2 hounds
  8 orc wizards
  5 iguanas
  Natasha (D:4)
  Terence (D:2)
  9 worker ants
  10 adders
  8 gnolls
  A shadow imp (D:5)
  5 adder skeletons
  5 worms
  2 dart slugs
  6 leopard geckos
  27 orcs
  5 bats
  6 giant cockroaches
  4 goblins
  6 hobgoblins
  13 jackals
  3 quokkas
  3 ball pythons
  6 frilled lizards
  A giant cockroach zombie (D:5)
  9 kobolds
  A quokka skeleton (D:7)
  7 rats
233 creatures vanquished.

Vanquished Creatures (others)
  An adder (D:8)
1 creature vanquished.

Grand Total: 234 creatures vanquished

Notes
Turn   | Place    | Note
-------+----------+-------------------------------------------
     0 | D:1      | Manul the Mummy Fighter began the quest for the Orb.
     0 | D:1      | Reached XP level 1. HP: 18/18 MP: 1/1
   485 | D:1      | Reached XP level 2. HP: 24/24 MP: 2/2
  1129 | D:2      | Reached XP level 3. HP: 28/29 MP: 3/3
  1353 | D:2      | Noticed Terence
  1367 | D:2      | Killed Terence
  1388 | D:2      | Reached XP level 4. HP: 35/37 MP: 4/4
  1549 | D:2      | Found a sparkling altar of Nemelex Xobeh.
  1819 | D:3      | Found a runed gate.
  1834 | D:3      | Found a runed gate.
  2428 | D:3      | Reached XP level 5. HP: 38/42 MP: 5/5
  2434 | D:2      | Reached skill level 4 in Fighting
  3001 | D:3      | Found a burning altar of Makhleb.
  3045 | D:3      | Found a runed gate.
  3047 | D:3      | Noticed hemabe's ghost (amateur HuAr)
  3111 | D:3      | Reached skill level 1 in Dodging
  3214 | D:4      | Reached XP level 6. HP: 33/48 MP: 6/6
  3586 | D:4      | Found an iron altar of Okawaru.
  4382 | D:4      | Reached XP level 7. HP: 52/55 MP: 7/7
  4393 | D:4      | Noticed Natasha
  4404 | D:4      | Killed Natasha
  5068 | D:5      | Entered Level 5 of the Dungeon
  5615 | D:5      | Reached skill level 5 in Fighting
  5927 | D:5      | Reached XP level 8. HP: 43/62 MP: 8/8
  6482 | D:6      | Reached skill level 5 in Maces & Flails
  6660 | D:6      | Found an opulent altar of Gozag.
  6782 | D:6      | Found a staircase to the Ecumenical Temple.
  6795 | Temple   | Entered the Ecumenical Temple
  7165 | D:6      | Found Maosigu's Magic Scroll Shoppe.
  7459 | D:7      | Found a basalt altar of Yredelemnul.
  7508 | D:7      | Reached skill level 5 in Shields
  7526 | D:7      | Reached skill level 6 in Fighting
  7720 | D:7      | Reached XP level 9. HP: 36/69 MP: 9/9
  8032 | D:7      | Found Ecedudd's Gadget Emporium.
  8188 | D:7      | Found a sparkling altar of Nemelex Xobeh.
  8386 | D:6      | Became a worshipper of Gozag Ym Sagoz the Greedy
  8472 | D:8      | Reached skill level 1 in Axes
  8520 | D:8      | Found a radiant altar of Vehumet.
  8520 | D:8      | Noticed Joseph
  8544 | D:8      | Killed Joseph
  8728 | D:8      | Reached skill level 7 in Fighting
  8845 | D:8      | Reached skill level 5 in Armour
  9253 | D:9      | Noticed Grum
  9255 | D:9      | Found Vacawk's Antique Armour Emporium.
  9258 | D:9      | Noticed Pikel
  9265 | D:10     | Entered Level 10 of the Dungeon
  9442 | D:9      | Found a staircase to the Orcish Mines.
  9442 | D:9      | Noticed Psyche
  9456 | D:9      | Identified a scroll of acquirement
  9457 | D:9      | Got a dazzling hat
  9467 | D:9      | Reached XP level 10. HP: 42/79 MP: 10/10
  9477 | D:9      | Noticed a manticore
  9690 | D:9      | Killed Grum
  9704 | D:9      | Identified the +1 hat of Feijutw Hovy {rPois Regen+ Str-3}
                  | (You acquired it on level 9 of the Dungeon)
  9756 | D:9      | Killed Pikel
  9827 | D:9      | Found Files's Food Boutique.
  9867 | D:9      | Found Moosm's Gadget Emporium.
  9887 | D:9      | Reached skill level 8 in Fighting
 10012 | D:9      | Noticed a two-headed ogre
 10017 | D:9      | Killed a two-headed ogre
 10062 | D:9      | Killed a manticore
 10062 | D:9      | Reached skill level 9 in Fighting
 10218 | D:9      | Cast into level 1 of the Abyss (orc warrior)
 10269 | Abyss:1  | Noticed a worldbinder
 10278 | Abyss:1  | Noticed a glowing orange brain
 10283 | Abyss:1  | Noticed a thrashing horror
 10290 | Abyss:1  | Noticed a wretched star
 10292 | Abyss:1  | Killed a worldbinder
 10292 | Abyss:1  | Reached XP level 11. HP: 34/89 MP: 11/11
 10306 | Abyss:1  | Slain by a small abomination

Vault maps used:
D:1:      mrwooster_arrival_arrow, serial_corexii_hall,
          corexii_hall_statues_deadend, corexii_hall_statues_i, nrook_campfire
D:2:      nemelex_diamond_rough_becter, uniq_terence
D:3:      gammafunk_ghost_necromancy, bloody_makhleb
D:4:      okawaru_metal_pillars_1_2, uniq_natasha
D:5:      first_ration, minmay_misc_feat_pillars, kennysheep_small_square
D:6:      kennysheep_six_static_rooms, lemuel_coloured_pillars_altar,
          minmay_temple_entry_crystal_x, serial_shops, shop
D:7:      yredelemnul_altar_generic, lemuel_doored_altar, serial_shops,
          nicolae_shop_crystal
D:8:      kennysheep_seaside_town, the_bakery, serial_bayou_pond_b,
          nicolae_lava_and_water, kennysheep_nondescript, vehumet_altar_wand_db,
          uniq_joseph
D:9:      david_orc_3, serial_shops, kennysheep_mini_moat, shop,
          kennysheep_little_box, shop_fountains, grunt_decor_one_mirror,
          minmay_misc_feat_room, uniq_psyche, uniq_pikel, uniq_grum
D:10:     lemuel_bear_cage, kennysheep_generic_room_16, uniq_josephine,
          uniq_snorg
Temple:   compressed_dpeg_circular_temple
Abyss:1:  hangedman_abyss_feature_spike

Skill      XL: |  1  2  3  4  5  6  7  8  9 10 |
---------------+-------------------------------+-----
Maces & Flails | 2 3 4 5 6 |  6.0
Shields        | 3 4 5 6 7 |  7.1
Fighting       | 4 5 6 7 9 |  9.4
Armour         | 3 4 5 6 |  6.5
Dodging        | 1 2 |  2.6
Axes           | 4 |  4.8
Evocations     | |  0.5

Action                   |  1- 3 |  4- 6 |  7- 9 | 10-12 || total
-------------------------+-------+-------+-------+-------++-------
Melee: Flail             |   124 |   327 |   426 |       ||   877
       War axe           |       |       |   149 |   171 ||   320
Invok: Potion Petition   |       |       |     1 |     1 ||     2
Evoke: Wand              |       |       |     4 |       ||     4
  Use: Scroll            |     5 |     3 |     6 |     2 ||    16
 Stab: Distracted        |       |       |     1 |     2 ||     3
Armor: Scale mail        |     5 |       |       |       ||     5
       Plate armour      |    32 |       |       |       ||    32
       Chain mail        |    41 |   249 |   357 |   148 ||   795
Dodge: Dodged            |    23 |   110 |   228 |   100 ||   461
Block: Shield            |    60 |   235 |   360 |    96 ||   751

Table legend:
 A = Non-vault XP
 B = Vault XP
 C = Vault XP percentage of total XP
 D = Non-vault monster count
 E = Vault monster count
 F = Vault count percentage of total count
                 A         B        C        D         E       F
            +---------+---------+-------+---------+---------+-------
      Total |    9026 |    2244 |  19.9 |     211 |      19 |   8.3
            +---------+---------+-------+---------+---------+-------
        D:1 |      24 |       0 |   0.0 |      13 |       0 |   0.0
        D:2 |     158 |      36 |  18.6 |      27 |       1 |   3.6
        D:3 |     129 |       0 |   0.0 |      20 |       0 |   0.0
        D:4 |     502 |      36 |   6.7 |      32 |       1 |   3.0
        D:5 |     615 |       3 |   0.5 |      17 |       1 |   5.6
        D:6 |     553 |     111 |  16.7 |      18 |       3 |  14.3
        D:7 |     944 |       0 |   0.0 |      30 |       0 |   0.0
        D:8 |     701 |     673 |  49.0 |      11 |       5 |  31.2
        D:9 |    4583 |    1266 |  21.6 |      40 |       7 |  14.9
       D:10 |     235 |     119 |  33.6 |       1 |       1 |  50.0
    Abyss:1 |     582 |       0 |   0.0 |       2 |       0 |   0.0
            +---------+---------+-------+---------+---------+-------
